 Dungeon Crawl Stone Soup version 0.21.1-1-g345015f (webtiles) character file.

71 buskinjo2 the Cudgeler (level 4, -1/31 HPs)
             Began as an Octopode Fighter on Mar 2, 2018.
             Slain by inc's ghost (9 damage)
             ... on level 3 of the Dungeon.
             The game lasted 00:03:16 (2079 turns).

buskinjo2 the Cudgeler (Octopode Fighter)           Turns: 2079, Time: 00:03:16

Health: -1/31      AC:  1    Str: 20    XL:     4   Next: 24%
Magic:  4/4        EV: 11    Int: 11    God:
Gold:   168        SH:  9    Dex: 11    Spells: 3/3 levels left

rFire    . . .     SeeInvis +   a - +0 flail
rCold    . . .     Gourm    .   b - +0 shield
rNeg     . . .     Faith    .   (helmet restricted)
rPois    .         Spirit   .   (no amulet)
rElec    .         Reflect  .   f - ring of see invisible
rCorr    .         Harm     .   (no ring)
MR       .....                  (no ring)
Stlth    +.........             (no ring)
HPRegen  0.10/turn              (no ring)
MPRegen  0.09/turn              (no ring)
                                (no ring)
                                (no ring)

@: mighty, glowing
A: almost no armour, stealthy swim, amphibious, 8 rings, constrict 8, camouflage
1, gelatinous body 1
a: no special abilities


You were on level 3 of the Dungeon.
You were hungry.

You visited 1 branch of the dungeon, and saw 3 of its levels.

You collected 168 gold pieces.

Inventory:

Hand Weapons
 a - a +0 flail (weapon)
 g - a +0 whip
Missiles
 h - 5 tomahawks (quivered)
Armour
 b - a +0 shield (worn)
Jewellery
 f - a ring of see invisible (left tentacle)
 l - an uncursed amulet of faith
Scrolls
 j - a scroll of magic mapping {unknown}
 n - 3 scrolls of teleportation
Potions
 c - a potion of might
 e - a potion of haste
 k - a potion of curing
Comestibles
 d - 3 rations


   Skills:
 - Level 3.0 Fighting
 + Level 4.4 Maces & Flails
 - Level 3.0 Dodging
 - Level 3.0 Shields


You had 3 spell levels left.
You didn't know any spells.

Dungeon Overview and Level Annotations

Branches:
Dungeon (3/15)

Altars:
Trog

Annotations:
D:2 Terence
D:3 inc's ghost, weakling FeEn


Innate Abilities, Weirdness & Mutations

You cannot wear most types of armour.
You are very stealthy in the water. (Stealth+)
You are amphibious.
You can wear up to eight rings at the same time.
You can use your tentacles to constrict eight enemies at once.
Your skin changes colour to match your surroundings (Stealth+).
Your rubbery body absorbs attacks. (AC +1, EV +1)


Message History

An orc comes into view. It is wielding a club.
A worm comes into view.
A bat comes into view.
You see here a kobold corpse.
Inc's ghost stares at you and mumbles some strange words.
You are outlined in light.
You miss inc's ghost. You block inc's ghost's attack.
You closely miss inc's ghost. Your squeeze misses inc's ghost.
Inc's ghost hits you. x2
You miss inc's ghost. Your squeeze misses inc's ghost.
Inc's ghost stares at you and mumbles some strange words.
You fall asleep.
Inc's ghost closely misses you. x2
Inc's ghost hits you!
You wake up.
Ouch! That really hurt!
* * * LOW HITPOINT WARNING * * *
You feel very mighty all of a sudden. Inc's ghost stares at you.
Inc's ghost hits you!
You die...

#.. #.....# #.......
#... #.....############
######... #####....###
#.......% .......##...#
#.#...[.# ###.#####.#.##
#.#...(.# ##.###[##..#
#.......#### #.#.# ##.#
........(w.####...####.#
.##.....#.W@..........#
#...†.######...######
#.....# #.#.# #.....#
#.###.# #.....# ..# #.#
.......# #.. .#
...w..... +. .
...#......o##. ..
...##......# .#


You could see a worm and inc's ghost.

Vanquished Creatures
  An adder (D:2)
  An ooze (D:1)
  2 worms (D:2)
  2 dart slugs (D:2)
  3 leopard geckos (D:1)
  4 bats
  2 giant cockroaches
  3 goblins (D:1)
  4 hobgoblins
  4 jackals (D:1)
  9 kobolds
  A quokka (D:3)
  A ball python (D:1)
  2 frilled lizards
  3 rats
42 creatures vanquished.

Notes
Turn   | Place    | Note
-------+----------+-------------------------------------------
     0 | D:1      | buskinjo2 the Octopode Fighter began the quest for the Orb.
     0 | D:1      | Reached XP level 1. HP: 16/16 MP: 1/1
     1 | D:1      | Found a bloodstained altar of Trog.
    41 | D:1      | Reached XP level 2. HP: 9/21 MP: 2/2
   319 | D:1      | Reached skill level 3 in Maces & Flails
   552 | D:1      | Reached XP level 3. HP: 26/26 MP: 3/3
  1196 | D:2      | Reached skill level 4 in Maces & Flails
  1226 | D:2      | Reached XP level 4. HP: 31/31 MP: 4/4
  1270 | D:2      | Noticed Terence
  2062 | D:3      | Noticed inc's ghost (weakling FeEn)
  2079 | D:3      | Slain by inc's ghost

Skill      XL: |  1  2  3 |
---------------+----------+-----
Maces & Flails | 3 4 |  4.4
Fighting       | |  3.0
Dodging        | |  3.0
Shields        | |  3.0

Action                   |  1- 3 |  4- 6 || total
-------------------------+-------+-------++-------
Melee: Flail             |    62 |    20 ||    82
       Constrict         |    21 |     4 ||    25
       Tentacles         |     5 |     2 ||     7
  Use: Scroll            |     3 |     3 ||     6
       Potion            |       |     1 ||     1
 Stab: Sleeping          |     5 |     2 ||     7
  Eat: Chunk             |     1 |     2 ||     3
Armor: Skin              |     3 |     3 ||     6
Dodge: Dodged            |    23 |     6 ||    29
Block: Shield            |    20 |     3 ||    23
